AoeStats
← Adamer64

Nomad

509415074Analyzed
4v4 RM · 5d ago on Sep 26, 2026· 90m 36s· 8 players
Game mode
Random Map
Map size
231×231
Population
200
Speed
Normal
Resources
Standard
Victory
Conquest
Starting age
Dark Age
Ending age
Imperial Age
RankedLock teamsTeams togetherTeam positionsShared explorationLock speedFull tech treeHidden civsTurbo modeCheats
Victory
Defeat
🇹🇷 Burmese · Türkiye
1000
+14
🇸🇰 Bulgarians · Slovakia
955
+16
🇨🇱 Vietnamese · Chile
954
+16
🇵🇱 Poles · Poland
938
+16
🇬🇧 Portuguese · United Kingdom
993
-17
🇺🇸 Chinese · United States
957
-46
🇨🇱 Malay · Chile
952
-16
🇦🇷 Vikings · Argentina
899
-13
giancarlo7
15:27 Feudal Age
16:45 Wheelbarrow
16:11 Horse Collar
16:28 Double-Bit Axe
22:44 Castle Age
21:17 Stone Mining
21:42 Forging
21:47 Gold Mining
22:25 Scale Barding Armor
22:35 Scale Mail Armor
23:48 Husbandry
24:27 Bow Saw
26:54 Hand Cart
29:26 Szlachta Privileges
36:17 Imperial Age
34:57 Chain Barding Armor
34:53 Chain Mail Armor
35:43 Iron Casting
36:18 Cavalier
37:22 Conscription
37:41 Plate Mail Armor
39:33 Light Cavalry
40:24 Bloodlines
41:48 Blast Furnace
45:27 Fletching
45:38 Padded Archer Armor
56:34 Winged Hussar
88:04 Elite Obuch
oveja83
4:50 Loom
14:13 Feudal Age
18:08 Town Watch
19:12 Horse Collar
19:58 Double-Bit Axe
21:56 Wheelbarrow
24:17 Fletching
28:33 Castle Age
48:24 Hand Cart
48:11 Town Patrol
49:22 Gold Mining
49:23 Stone Mining
50:58 Husbandry
52:11 Bloodlines
52:27 Forging
52:22 Scale Barding Armor
52:33 Scale Barding Armor
57:18 Imperial Age
55:32 Chain Barding Armor
55:49 Iron Casting
55:12 Light Cavalry
58:10 Bow Saw
58:04 Heavy Plow
58:41 Stone Shaft Mining
60:38 Plate Barding Armor
61:00 Elite Battle Elephant
63:54 Chatras
65:16 Paper Money
65:33 Hoardings
69:17 Chemistry
74:41 Crossbowman
75:18 Bodkin Arrow
75:25 Padded Archer Armor
75:28 Scale Mail Armor
77:19 Arbalester
78:05 Thumb Ring
78:18 Leather Archer Armor
78:27 Chain Mail Armor
78:14 Bracer
78:38 Ballistics
78:24 Siege Engineers
79:56 Crop Rotation
80:28 Two-Man Saw
81:22 Plate Mail Armor
81:23 Ring Archer Armor
81:07 Masonry
80:53 Murder Holes
md
14:45 Feudal Age
19:23 Castle Age
19:46 Scale Barding Armor
19:52 Forging
20:58 Chain Barding Armor
26:43 Wheelbarrow
31:10 Bloodlines
Adamer64
7:32 Loom
14:59 Feudal Age
20:41 Castle Age
19:13 Double-Bit Axe
20:18 Scale Mail Armor
22:52 Chain Mail Armor
23:09 Squires
23:41 Forging
24:47 Wheelbarrow
24:22 Gambesons
24:31 Fishing Lines
24:57 Stone Mining
25:38 Gold Mining
25:44 Arson
26:49 Bow Saw
27:05 Gillnets
27:12 Horse Collar
28:21 Gold Shaft Mining
30:02 Bloodlines
29:53 Husbandry
30:01 Scale Barding Armor
30:32 Iron Casting
30:25 Hand Cart
29:45 Pikeman
32:15 Chain Barding Armor
32:26 Stirrups
32:29 Town Watch
37:38 Imperial Age
37:01 Stone Shaft Mining
36:20 Fletching
38:11 Heavy Plow
38:49 Conscription
39:19 Plate Barding Armor
39:38 Crop Rotation
41:45 Blast Furnace
41:37 Bodkin Arrow
43:45 Elite Konnik
45:30 Plate Mail Armor
44:50 Halberdier
46:17 Bracer
54:46 Padded Archer Armor
55:24 Elite Skirmisher
56:12 Thumb Ring
57:28 Ballistics
58:08 Chemistry
58:21 Leather Archer Armor
57:47 Imperial Skirmisher
67:11 Bagains
69:18 Siege Engineers
69:25 Masonry
70:06 Heavy Scorpion
70:08 Capped Ram
72:43 Siege Ram
75:17 Caravan
78:16 Caravan
Linkyboy28
7:23 Loom
20:35 Feudal Age
21:33 Horse Collar
22:10 Arson
SpackEye
13:24 Feudal Age
13:30 Loom
14:54 Fishing Lines
18:28 Castle Age
18:37 Wheelbarrow
21:26 Double-Bit Axe
32:06 Imperial Age
31:02 Horse Collar
34:10 Gillnets
37:01 Chemistry
36:46 Conscription
38:11 Fletching
38:21 Padded Archer Armor
38:48 Circumnavigation
39:29 Siege Engineers
41:22 Bodkin Arrow
41:42 Leather Archer Armor
44:30 Elite Cannon Galleon
46:26 Elite Organ Gun
48:37 Thumb Ring
48:43 Gold Mining
52:34 Murder Holes
52:56 Fortified Wall
58:26 Bracer
58:56 Ring Archer Armor
62:42 Arquebus
70:26 Pikeman
71:10 Scale Mail Armor
71:21 Forging
73:56 Halberdier
77:45 Chain Mail Armor
78:27 Cavalier
79:35 Bloodlines
80:42 Bloodlines
82:34 Scale Barding Armor
83:41 Chain Barding Armor
87:00 Plate Barding Armor
ChumaPrime
10:56 Loom
13:46 Feudal Age
13:54 Double-Bit Axe
15:30 Horse Collar
23:11 Castle Age
23:46 Husbandry
25:15 Fishing Lines
26:47 Wheelbarrow
26:38 Bow Saw
27:38 Ballistics
28:40 Gillnets
31:07 Hand Cart
35:48 Imperial Age
33:20 Arson
34:56 Ballistics
34:47 Masonry
39:19 Heavy Plow
40:49 Crop Rotation
41:46 Chemistry
40:52 Siege Engineers
40:41 Gold Mining
40:42 Stone Mining
43:03 Medium Warships
43:28 Elite Battle Elephant
45:49 Heavy Warships
46:00 Elite Karambit Warrior
49:24 Town Watch
51:14 Forging
51:09 Scale Barding Armor
62:26 Thalassocracy
62:42 Forced Levy
68:30 Iron Casting
72:49 Squires
74:59 Blast Furnace
86:07 Redemption
85:57 Devotion
85:53 Herbal Medicine
87:55 Pikeman
Dank
4:02 Loom
16:13 Feudal Age
17:37 Double-Bit Axe
20:39 Castle Age
19:17 Stone Mining
19:17 Gold Mining
35:32 Imperial Age
33:10 Crossbowman
34:11 Fletching
34:22 Padded Archer Armor
35:07 Town Watch
36:30 Arbalester
38:23 Bow Saw
42:51 Bodkin Arrow
45:18 Elite Varangian Guard
49:16 Arson
49:31 Squires
49:34 Scale Mail Armor
49:45 Forging
53:02 Pikeman
73:09 Chain Mail Armor
75:53 Plate Mail Armor
75:59 Iron Casting
78:21 Capped Ram
79:14 Siege Ram
Connection lost

Rejoining the realm…

Still unreachable

The connection could not be restored.

Session expired

The server has moved on; the page needs a fresh start.